 Dungeon Crawl Stone Soup version 0.28.0-1-gb440e238dd (webtiles) character file.

Game seed: 8848384469403472233

21743 croobank the Warrior (level 12, 0/109 HPs)
             Began as a Pale Draconian Fire Elementalist on Feb 23, 2022.
             Was an Elder of Hepliaklqana.
             Succumbed to a naga's splash of poison
             ... on level 2 of the Lair of Beasts.
             The game lasted 01:03:26 (16055 turns).

croobank the Warrior (DrFE)                        Turns: 16055, Time: 01:03:27

Health: 0/109      AC: 11    Str: 12    XL:     12   Next: 56%
Magic:  15/15      EV: 12    Int: 18    God:    Hepliaklqana [****..]
Gold:   1226       SH:  5    Dex: 17    Spells: 5/15 levels left

rFire   . . .      SeeInvis +   a - +11 war axe "Fumu" {freeze, rC+ Dex+4 Stlth+}
rCold   + . .      Faith    .   (no shield)
rNeg    . . .      Spirit   .   (armour unavailable)
rPois   .          Reflect  +   (helmet restricted)
rElec   .          Harm     .   r - +0 cloak
rCorr   +          Rampage  .   n - +0 pair of gloves
Will    .....                   u - +0 pair of boots
Stlth   +++.......              P - amulet of reflection
HPRegen 0.28/turn               c - ring of see invisible
MPRegen 0.14/turn               W - ring of resist corrosion

@: lethally poisoned (0 -> -3), flying, hasted, very quick
A: reduced essence, breathe steam, AC +8, unfitting armour, cold-blooded, steam
resistance
a: Breathe Steam, Renounce Religion, Recall Ancestor, Ancestor Identity,
Transference, Idealise


You were on level 2 of the Lair of Beasts.
You worshipped Hepliaklqana.
Hepliaklqana was greatly pleased with you.
You visited 4 branches of the dungeon, and saw 17 of its levels.

You collected 1226 gold pieces.

Inventory:

Hand Weapons
 a - the +11 war axe "Fumu" (weapon) {freeze, rC+ Dex+4 Stlth+}
   (You found it on level 2 of the Dungeon)

   It freezes those it strikes, dealing additional cold damage.
   It can also slow down cold-blooded creatures.
   Dex:       It affects your dexterity (+4).
   rC:        It protects you from cold.
   Stlth:     It makes you more stealthy.
 b - a +3 shortbow
 f - a +2 flail of protection
 m - a +1 dagger of protection
 A - a +2 hand axe of flaming
 E - a +2 mace of protection
 J - a +1 short sword of draining
 N - a +2 vorpal war axe
 R - a +4 quarterstaff
Missiles
 e - 436 stones
 i - 92 bolts
 s - 331 arrows
 v - 14 poisoned darts
 z - 11 boomerangs
 B - 62 sling bullets
 H - 7 throwing nets
 Z - 3 silver boomerangs
Armour
 n - a +0 pair of gloves (worn)
 r - a +0 cloak (worn)
 u - a +0 pair of boots (worn)
Magical Staves
 y - a staff of death
 M - a staff of poison
Jewellery
 c - a ring of see invisible (left hand)
 d - an amulet of guardian spirit
 P - an amulet of reflection (around neck)
 W - a ring of resist corrosion (right hand)
Wands
 j - a wand of flame (22)
 D - a wand of paralysis (15)
 I - a wand of iceblast (11)
 O - a wand of charming (8)
 Q - a wand of mindburst (9)
Scrolls
 k - 5 scrolls of amnesia
 p - a scroll of blinking
 q - 2 scrolls of noise
 G - a scroll of fog
 S - a scroll of immolation
 T - a scroll of fear
 U - 2 scrolls of identify
Potions
 h - a potion of attraction
 l - a potion of mutation
 t - a potion of brilliance
 w - 2 potions of lignification
 x - 3 potions of invisibility
Miscellaneous
 o - a tin of tremorstones (2/2)


   Skills:
 + Level 15.8 Fighting
 + Level 14.6 Axes
 - Level 2.3 Dodging
 - Level 2.4 Stealth
 - Level 2.4 Spellcasting
 - Level 1.8 Conjurations
 - Level 3.8 Fire Magic


You had 5 spell levels left.
You knew the following spells:

 Your Spells              Type           Power      Damage    Failure   Level
a - Foxfire               Conj/Fire      48%        2x1d6     5%          1
b - Scorch                Fire           32%        2d6       5%          2
c - Flame Wave            Conj/Fire      12%        2d6       47%         4
d - Stone Arrow           Conj/Erth      10%        3d7       34%         3

Your spell library contained the following spells:

 Spells                   Type           Power      Damage    Failure   Level
 Conjure Flame            Conj/Fire      12%        6-21      16%         3
 Slow                     Hex            8%         N/A       17%         1
 Inner Flame              Hex/Fire       9%         N/A       24%         3
 Corpse Rot               Necr/Air       4%         N/A       26%         2
 Poisonous Vapours        Pois/Air       4%         N/A       26%         2
 Confusing Touch          Hex            2%         N/A       45%         3
 Vampiric Draining        Necr           2%         2d6       45%         3
 Lehudib's Crystal Spear  Conj/Erth      2%         10d2      100%        8
 Animate Armour           Summ/Erth      Unusable   N/A       N/A         4

Dungeon Overview and Level Annotations

Branches:
Dungeon (12/15)            Temple (1/1) D:6            Lair (2/6) D:11
    Orc (2/2) D:11
  Swamp: Lair:2-4    Shoals: Lair:2-4     Snake: Lair:2-4    Spider: Lair:2-4
    Elf: Orc:2

Altars:
Ashenzari
Cheibriados
Dithmenos
Elyvilon
Fedhas
Gozag
Hepliaklqana
Kikubaaqudgha
Makhleb
Nemelex Xobeh
Okawaru
Qazlal
Ru
Sif Muna
Trog
Uskayaw
Vehumet
Wu Jian
Xom
Yredelemnul
Zin
The Shining One
Jiyva

Portals:
Trove: D:10 (give +2 shadow dragon scales)

Annotations:
Lair:1 3 runed translucent doors, Jenx's ghost, journeyman SpBe


Innate Abilities, Weirdness & Mutations

Your life essence is reduced to manifest your ancestor. (-10% HP)
You can breathe blasts of scalding, opaque steam.
Your pale cyan-grey scales are hard. (AC +8)
You cannot fit into any form of body armour.
You are cold-blooded and may be slowed by cold attacks.
You are immune to the effects of steam.


Message History

The naga hits you from afar with a +0 glaive!
You feel yourself speed up.
You hear the faint crackling of a melting archway very nearby.
You feel very sick.
The naga hits you with a +1 long sword of holy wrath!
* * * LOW HITPOINT WARNING * * *
The naga constricts you.
* * * LOW HITPOINT WARNING * * *
The naga barely misses you.
The naga hits you from afar with a +0 glaive!
* * * LOW HITPOINT WARNING * * *
You escape the naga's grasp.
* * * LOW HITPOINT WARNING * * *
You feel sick.
Number of times to repeat, then command key: You must enter the number of times for the command to repeat.
* * * LOW HITPOINT WARNING * * *
You feel sick.
Okay, then.
Okay, then.
Okay, then.
Okay, then.
It was a potion of flight.
You feel very buoyant.
You fly up into the air.
* * * LOW HITPOINT WARNING * * *
You feel sick.
Okay, then.
Okay, then.
Okay, then.
* * * LOW HITPOINT WARNING * * *
You feel sick.
Okay, then.
* * * LOW HITPOINT WARNING * * *
You feel sick.
* * * LOW HITPOINT WARNING * * *
You feel sick.
Okay, then.
Magic courses through your body.
You die...

#. .#.#.....## #≈ . ..
..#.....P# #≈
...#.#N##....## #≈
#.....N#.....## #≈
#....N..#....# #≈
#######..##..# ## #
#.##...##### #
...##.#.#....##.#
.......@........##
...........#....P## ##
..##........#.....##.#
#...>......†......###
#...P#.............P##
...#####.#............#
...# ######..........
... ###..##....
#....#...


There were no monsters in sight!

Vanquished Creatures
  Harold (D:7)
  2 hydras
  3 two-headed ogres (D:11)
  Urug (Orc:1)
  Pikel (D:6)
  3 cyclopes
  A manticore (D:12)
  Maurice (D:8)
  Grinder (D:3)
  A troll (D:11)
  A blink frog (Lair:2)
  12 yaks
  A wyvern (D:10)
  A steam dragon (D:7)
  A basilisk (Lair:1)
  Menkaure (D:6)
  A warg (D:11)
  3 nagas (Lair:2)
  A water moccasin (D:7)
  An ice beast (D:7)
  2 orc warriors
  3 black bears
  An ogre (D:4)
  13 wolves
  2 lemures (D:6)
  3 centaurs
  2 gnoll sergeants
  5 scorpions
  7 bullfrogs
  6 wights (D:8)
  15 killer bees
  A howler monkey (D:10)
  An electric eel (D:11)
  3 hounds
  3 centaur zombies
  A jelly (D:5)
  A gnoll shaman (D:8)
  8 orc priests
  Terence (D:2)
  4 iguanas
  4 orc wizards
  A killer bee zombie (D:7)
  A hound skeleton (D:4)
  Robin (D:4)
  A howler monkey zombie (D:6)
  8 adders
  12 gnolls
  A shadow imp (D:5)
  3 dart slugs
  40 orcs
  3 ball pythons
  10 endoplasms
  4 giant cockroaches
  9 hobgoblins
  5 quokkas
  4 bats
  A frilled lizard (D:3)
  12 goblins
  10 kobolds
  4 rats
254 creatures vanquished.

Vanquished Creatures (collateral kills)
  5 cane toads (Lair:1)
  4 komodo dragons
  2 trolls (D:11)
  2 blink frogs (Lair:2)
  A vampire (D:10)
  2 wraiths
  5 yaks (Lair:1)
  A naga (Lair:2)
  2 water moccasins
  A swamp drake (D:11)
  8 orc warriors
  A kobold brigand (D:10)
  A bullfrog (Lair:1)
  3 killer bees
  2 electric eels (D:11)
  3 wights (D:8)
  3 centaur zombies
  2 hounds (D:11)
  4 orc wizards
  8 orcs
  A foxfire (Lair:1)
61 creatures vanquished.

Vanquished Creatures (others)
  9 battlemagi
  385 foxfires
  5 fungi
  2 plants
401 creatures vanquished.

Grand Total: 716 creatures vanquished

Notes
Turn   | Place    | Note
-------+----------+-------------------------------------------
     0 | D:1      | croobank the Draconian Fire Elementalist began the quest
                  | for the Orb.
     0 | D:1      | Reached XP level 1. HP: 14/14 MP: 3/3
   147 | D:1      | Reached XP level 2. HP: 20/20 MP: 0/5
   226 | D:1      | Learned a level 2 spell: Scorch
   795 | D:2      | Noticed Terence
   803 | D:2      | Killed Terence
   804 | D:2      | Reached XP level 3. HP: 26/26 MP: 0/6
  1222 | D:2      | Reached XP level 4. HP: 33/33 MP: 4/7
  1418 | D:2      | Found a faded altar of an unknown god.
  1607 | D:2      | Identified the +11 war axe "Fumu" {freeze, rC+ Dex+4
                  | Stlth+}
  1747 | D:2      | Learned a level 4 spell: Flame Wave
  2093 | D:3      | Reached skill level 1 in Fighting
  2093 | D:3      | Reached skill level 1 in Axes
  2293 | D:3      | Found an opulent altar of Gozag.
  2325 | D:3      | Reached skill level 2 in Fighting
  2325 | D:3      | Reached XP level 5. HP: 41/41 MP: 6/8
  2353 | D:3      | Noticed Grinder
  2357 | D:3      | Paralysed by Grinder for 4 turns
  2365 | D:3      | Killed Grinder
  2366 | D:3      | Reached skill level 3 in Fighting
  2366 | D:3      | Reached XP level 6. HP: 36/52 MP: 6/9
  3196 | D:4      | Reached skill level 4 in Fighting
  3393 | D:4      | Found a white marble altar of Elyvilon.
  3406 | D:4      | Noticed Robin
  3417 | D:4      | Killed Robin
  3515 | D:4      | Your scales start taking on a pale cyan-grey colour.
  3515 | D:4      | Reached XP level 7. HP: 60/60 MP: 7/10
  3515 | D:4      | Gained mutation: You are immune to the effects of steam.
                  | [Pale Draconian growth]
  3762 | D:5      | Entered Level 5 of the Dungeon
  3779 | D:5      | Reached skill level 5 in Fighting
  3900 | D:5      | Reached skill level 5 in Axes
  4342 | D:6      | Noticed Menkaure
  4347 | D:6      | Killed Menkaure
  4348 | D:6      | Reached skill level 6 in Fighting
  4348 | D:6      | Reached XP level 8. HP: 70/70 MP: 6/11
  4414 | D:6      | Found a hazy altar of Hepliaklqana.
  4686 | D:6      | Noticed Pikel
  4722 | D:6      | Killed Pikel
  4723 | D:6      | Reached skill level 7 in Fighting
  5189 | D:6      | Reached skill level 8 in Fighting
  5504 | D:6      | Found a staircase to the Ecumenical Temple.
  5543 | Temple   | Entered the Ecumenical Temple
  5809 | D:6      | Became a worshipper of Hepliaklqana the Forgotten
  5848 | D:7      | Reached XP level 9. HP: 82/82 MP: 2/12
  6039 | D:7      | Found an ornate altar of the Wu Jian Council.
  6168 | D:7      | Noticed a cyclops
  6178 | D:7      | Killed a cyclops
  6179 | D:7      | Reached skill level 9 in Fighting
  6681 | D:7      | Noticed Harold
  6698 | D:7      | Killed Harold
  6699 | D:7      | Reached skill level 10 in Fighting
  7503 | D:8      | Reached XP level 10. HP: 94/94 MP: 13/13
  7507 | D:8      | Reached skill level 10 in Axes
  7515 | D:8      | Reached skill level 11 in Fighting
  7756 | D:8      | Identified the +3 robe "Huageki" {Will- Dex+4}
  7791 | D:8      | Reached * piety under Hepliaklqana
  8019 | D:8      | Noticed Maurice
  8037 | D:8      | Killed Maurice
  8557 | D:8      | Learned a level 3 spell: Stone Arrow
  9221 | D:9      | Reached skill level 12 in Fighting
  9256 | D:9      | Reached ** piety under Hepliaklqana
  9257 | D:9      | Remembered your ancestor Khenut as a battlemage
  9519 | D:10     | Entered Level 10 of the Dungeon
  9519 | D:10     | Noticed an eight-headed hydra
  9574 | D:11     | Noticed a two-headed ogre
  9584 | D:11     | Killed a two-headed ogre
  9725 | D:11     | Noticed a two-headed ogre
  9732 | D:11     | Killed a two-headed ogre
  9760 | D:10     | Reached XP level 11. HP: 66/94 MP: 10/14
 10231 | D:10     | Killed a five-headed hydra
 10251 | D:10     | Reached skill level 13 in Fighting
 10825 | D:10     | Found a portal to a secret trove of treasure.
 11747 | D:11     | Found a staircase to the Lair.
 12085 | D:11     | Reached *** piety under Hepliaklqana
 12135 | D:11     | Found a staircase to the Orcish Mines.
 12319 | D:11     | Reached skill level 14 in Fighting
 12876 | Orc:1    | Entered Level 1 of the Orcish Mines
 12883 | Orc:1    | Noticed a two-headed ogre
 12904 | D:11     | Killed a two-headed ogre
 13066 | D:12     | Found a shadowy altar of Dithmenos.
 13728 | Orc:1    | Noticed Urug
 13745 | Orc:1    | Killed Urug
 13746 | Orc:1    | Reached XP level 12. HP: 36/106 MP: 10/15
 14165 | Orc:2    | Entered Level 2 of the Orcish Mines
 14270 | Lair:1   | Entered Level 1 of the Lair of Beasts
 14367 | Lair:1   | Found a runed translucent gate.
 14367 | Lair:1   | Found a runed translucent gate.
 14578 | Lair:1   | Noticed a seven-headed hydra
 14586 | Lair:1   | Killed a four-headed hydra
 14587 | Lair:1   | Reached skill level 15 in Fighting
 15249 | Lair:1   | Reached **** piety under Hepliaklqana
 15381 | Lair:1   | Found a runed translucent gate.
 15384 | Lair:1   | Noticed Jenx's ghost (journeyman SpBe)
 15387 | Lair:1   | Found a viscous altar of Jiyva.
 16050 | Lair:2   | HP: 5/109 [poisoned by a naga (splash of poison)]
 16053 | Lair:2   | HP: 2/109 [poisoned by a naga (splash of poison)]
 16055 | Lair:2   | Succumbed to a naga's splash of poison

Illustrated notes

Levels and vault maps discovered:
D:1:      erik_arrival_triangle_small, layout_rooms
D:2:      layout_basic, hellmonk_ecumenical_altar_arch_garden, uniq_terence
D:3:      minmay_spotlight, layout_basic,
          nicolae_gozag_cash_rules_everything_around_me, uniq_grinder
D:4:      layout_rooms, lemuel_doored_altar, uniq_robin
D:5:      layout_rooms
D:6:      layout_loops_ring, nicolae_hepliaklqana_hazy_memory,
          minmay_temple_entry_poolview, uniq_pikel, uniq_menkaure
D:7:      layout_basic, nzn_wu_jian_contemplation, hangedman_decor_riveting,
          feat_on_display, uniq_harold
D:8:      layout_basic, uniq_maurice
D:9:      hellmonk_warped_wall, layout_irregular_city,
          nicolae_straight_to_the_point
D:10:     layout_loops_ring, enter_trove_2, roderic_serpentine_path,
          st_stairs_11
D:11:     layout_basic, erik_lair_island, erik_orc_1
D:12:     layout_irregular_city, minivault_4, kb_lookout_dungeons_type,
          minmay_hedge_maze, grunt_dithmenos_smoke
Temple:   dpeg_five_rooms_temple
Lair:1:   layout_cave_pods, gammafunk_ghost_ooze,
          chequers_serial_rivers_micro_e, beast_lair_carwin_6
Lair:2:   layout_cave_pods, minmay_snake_entry_guardpost_large,
          portal_ice_cave_entry_pillars_1, chequers_serial_rivers_micro_a,
          cheibrodos_lair_caveside_slide, infiniplex_staircase_pool_2,
          uniq_maggie
Orc:1:    layout_caves, nicolae_orc_tapped_out, uniq_urug
Orc:2:    pubby_orc_utopia, serial_shops

Skill      XL: |  1  2  3  4  5  6  7  8  9 10 11 12 |
---------------+-------------------------------------+-----
Stealth        | 2 |  2.4
Dodging        | 2 |  2.3
Fighting       | 2 3 4 6 8 10 12 14 15 | 15.8
Axes           | 1 3 4 5 7 9 11 13 14 | 14.6
Spellcasting   | |  2.4
Conjurations   | |  1.8
Fire Magic     | |  3.8

Action                   |  1- 3 |  4- 6 |  7- 9 | 10-12 || total
-------------------------+-------+-------+-------+-------++-------
Melee: Unarmed           |    14 |       |       |       ||    14
       Tailslap          |     6 |     5 |     9 |    32 ||    52
       Punch             |     1 |       |       |     3 ||     4
       Dagger            |    13 |       |       |       ||    13
       War axe           |       |    50 |    84 |    82 ||   216
       Hand axe          |       |       |       |   150 ||   150
 Fire: Shortbow          |       |       |     2 |     3 ||     5
 Cast: Foxfire           |    36 |    41 |    48 |   109 ||   234
       Scorch            |     6 |     8 |    29 |   103 ||   146
       Flame Wave        |       |       |       |     1 ||     1
Invok: Ancestor Life: Ba |       |       |       |     1 ||     1
       Recall Ancestor   |       |       |       |     1 ||     1
 Abil: Breathe Steam     |       |       |    14 |    27 ||    41
Evoke: Wand              |       |       |     1 |       ||     1
  Use: Scroll            |       |     4 |     8 |     8 ||    20
       Potion            |       |       |     4 |     8 ||    12
 Stab: Sleeping          |       |     1 |     2 |     1 ||     4
       Distracted        |       |       |       |     1 ||     1
Armor: Skin              |    10 |    12 |    38 |    77 ||   137
Dodge: Dodged            |    22 |    37 |    65 |   131 ||   255
Block: Other             |       |       |       |    33 ||    33
       Reflection        |       |       |       |     1 ||     1
